 Dungeon Crawl Stone Soup version 0.21.1-1-g345015f (webtiles) character file.

210 letownia2 the Poker (level 5, -21/39 HPs)
             Began as a Merfolk Skald on Mar 14, 2018.
             Demolished by an ogre
             ... wielding a cursed -1 giant club
              (27 damage)
             ... on level 4 of the Dungeon.
             The game lasted 00:10:09 (1412 turns).

letownia2 the Poker (Merfolk Skald)                 Turns: 1412, Time: 00:10:10

Health: -21/39     AC:  4    Str: 11    XL:     5   Next: 87%
Magic:  4/8        EV: 12    Int: 13    God:
Gold:   37         SH:  0    Dex: 14    Spells: 2/8 levels left

rFire    . . .     SeeInvis .   a - +0 spear
rCold    . . .     Gourm    .   (no shield)
rNeg     + . .     Faith    .   b - +0 leather armour
rPois    .         Spirit   .   l - +0 helmet
rElec    .         Reflect  .   (no cloak)
rCorr    .         Harm     .   (no gloves)
MR       .....                  (no boots)
Stlth    +.........             h - amulet of regeneration
HPRegen  0.53/turn              t - ring of flight
MPRegen  0.11/turn              q - ring of positive energy

@: lethally poisoned (-21 -> -23)
A: change form in water, swift swim, stealthy swim
a: Evoke Flight


You were on level 4 of the Dungeon.
You were hungry.

You visited 1 branch of the dungeon, and saw 4 of its levels.

You collected 37 gold pieces.

Inventory:

Hand Weapons
 a - a +0 spear (weapon)
 f - a +0 dagger
 r - a cursed -2 blowgun
Missiles
 o - 7 tomahawks (quivered)
 s - 15 poisoned needles
 x - 4 javelins
Armour
 b - a +0 leather armour (worn)
 j - a +0 ring mail
 l - a +0 helmet (worn)
Jewellery
 h - an amulet of regeneration (around neck)
 q - a ring of positive energy (right hand)
 t - a ring of flight (left hand)
Scrolls
 e - a scroll of blinking {unknown}
 g - a scroll of teleportation {unknown}
 k - a scroll of enchant weapon {unknown}
 m - a scroll of remove curse {unknown}
 p - a scroll of identify {unknown}
 w - a scroll of random uselessness {unknown}
 y - a scroll of fear {unknown}
Potions
 i - a potion of might {unknown}
 n - a potion of cancellation {unknown}
 v - a potion of resistance {unknown}
Books
 c - a book of Battle

   Spells                             Type                      Level
   a - Infusion                       Charms                       1
   b - Shroud of Golubria             Charms/Translocation         2
   c - Song of Slaying                Charms                       2
   d - Spectral Weapon                Hexes/Charms                 3
   e - Regeneration                   Charms/Necromancy            3
Comestibles
 d - 2 rations
 u - a chunk of flesh


   Skills:
 + Level 2.6 Fighting
 + Level 6.0 Polearms
 - Level 0.6 Armour
 - Level 2.6 Dodging
 - Level 2.0 Spellcasting
 - Level 1.4 Hexes
 - Level 4.5 Charms
 - Level 1.3 Translocations


You had 2 spell levels left.
You knew the following spells:

 Your Spells              Type           Power        Failure   Level  Hunger
a - Infusion              Chrm           ##..         5%          1    ##.....
t - Shroud of Golubria    Chrm/Tloc      #.........   16%         2    ###....
x - Spectral Weapon       Hex/Chrm       #.......     28%         3    ####...


Dungeon Overview and Level Annotations

Branches:
Dungeon (4/15)
 Temple: D:4-7

Altars:

Annotations:
D:3 Solrac's ghost, amateur HOFi
D:4 Exporg's ghost, amateur OgBe


Message History

You hit the ogre but do no damage.
The ogre is severely wounded.
The ogre closely misses you. The scorpion misses you.
Unknown command.
You hit the ogre.
The ogre is severely wounded.
The scorpion stings you.
* * * LOW HITPOINT WARNING * * *
You are more poisoned.
The scorpion poisons you!
Unknown command.
You hit the ogre.
The ogre is almost dead.
You feel sick. The ogre misses you.
Unknown command.
You barely miss the ogre.
The ogre is almost dead.
You feel sick. The scorpion misses you. The ogre hits you with a giant club!!
Ouch! That really hurt!
You die...

#.#.# #...# ###
#.#.#### #P≈ #...... #
#####....# #.
#........# . . ..
#........#....
....#.#####S...<......?
......O@sZg............
....#.#####............
. # #....$...#...(
$.........# )#.
.###.......# # .
#########


You could see an ogre, a scorpion, a hobgoblin, a ball python and a leopard
gecko skeleton.

Vanquished Creatures
  An orc wizard (D:3)
  Robin (D:2)
  5 adders
  4 gnolls (D:2)
  5 worms
  3 dart slugs
  A leopard gecko (D:2)
  9 orcs (D:3)
  3 giant cockroaches
  6 hobgoblins
  3 jackals (D:1)
  2 quokkas
  6 bats
  A frilled lizard (D:2)
  13 goblins
  2 kobolds
  2 rats
67 creatures vanquished.

Vanquished Creatures (others)
  2 spectral weapons
2 creatures vanquished.

Grand Total: 69 creatures vanquished

Notes
Turn   | Place    | Note
-------+----------+-------------------------------------------
     0 | D:1      | letownia2 the Merfolk Skald began the quest for the Orb.
     0 | D:1      | Reached XP level 1. HP: 16/16 MP: 3/3
    64 | D:1      | Reached XP level 2. HP: 22/22 MP: 0/5
    96 | D:1      | Learned a level 2 spell: Shroud of Golubria
   191 | D:2      | Noticed a scorpion
   286 | D:2      | Reached skill level 1 in Translocations
   320 | D:2      | Reached XP level 3. HP: 27/27 MP: 1/6
   339 | D:2      | Learned a level 3 spell: Spectral Weapon
   425 | D:2      | Reached skill level 1 in Hexes
   492 | D:2      | Reached XP level 4. HP: 19/33 MP: 2/7
   574 | D:2      | Noticed Robin
   655 | D:2      | Killed Robin
   843 | D:3      | Reached skill level 4 in Polearms
   882 | D:3      | Noticed Solrac's ghost (amateur HOFi)
  1041 | D:3      | Reached XP level 5. HP: 11/38 MP: 0/8
  1081 | D:3      | Reached skill level 5 in Polearms
  1258 | D:2      | Reached skill level 6 in Polearms
  1391 | D:4      | Noticed Exporg's ghost (amateur OgBe)
  1404 | D:4      | Noticed an ogre
  1412 | D:4      | Demolished by an ogre

Skill      XL: |  1  2  3  4  5 |
---------------+----------------+-----
Charms         | 4 |  4.5
Translocations | 1 |  1.3
Hexes          | 1 |  1.4
Polearms       | 4 6 |  6.0
Fighting       | |  2.6
Armour         | |  0.6
Dodging        | |  2.6
Spellcasting   | |  2.0

Action                   |  1- 3 |  4- 6 || total
-------------------------+-------+-------++-------
Melee: Spear             |   117 |   218 ||   335
Throw: Tomahawk          |       |     1 ||     1
 Cast: Infusion          |     8 |    10 ||    18
       Shroud of Golubri |     1 |    10 ||    11
       Spectral Weapon   |       |     3 ||     3
  Use: Potion            |       |     3 ||     3
 Stab: Sleeping          |     1 |       ||     1
  Eat: Chunk             |       |     3 ||     3
Armor: Leather armour    |    18 |    44 ||    62
Dodge: Dodged            |    39 |   128 ||   167
